 Dungeon Crawl Stone Soup version 0.25-a0-860-gf695395b5c (webtiles) character file.

Game seed: 5654352652645229347, levelgen mode: classic

627 EnegeticOcto the Chopper (level 7, 39/67 HPs)
             Began as a Deep Dwarf Fighter on Apr 28, 2020.
             Quit the game on level 5 of the Dungeon.
             The game lasted 00:02:08 (1802 turns).

EnegeticOcto the Chopper (Deep Dwarf Fighter)       Turns: 1802, Time: 00:02:09

Health: 39/67      AC: 10    Str: 21    XL:     7   Next: 23%
Magic:  2/2        EV:  5    Int:  9    God:
Gold:   16         SH: 10    Dex: 12    Spells: 6/6 levels left

rFire    . . .     SeeInvis .   b - -2 hand axe (curse)
rCold    . . .     Gourm    .   c - +0 kite shield
rNeg     . . .     Faith    .   s - +1 chain mail
rPois    .         Spirit   .   (no helmet)
rElec    .         Reflect  .   (no cloak)
rCorr    .         Harm     .   (no gloves)
MR       +....                  (no boots)
Stlth    ..........             (no amulet)
HPRegen  0.00/turn              (no ring)
MPRegen  0.08/turn              (no ring)

@: non-regenerating
A: damage resistance, heal wounds, sense surroundings 1, no regeneration
a: Heal Wounds


You were on level 5 of the Dungeon.
You were hungry.

You visited 1 branch of the dungeon, and saw 5 of its levels.

You collected 100 gold pieces.
You spent 84 gold pieces at shops.

Inventory:

Hand Weapons
 a - a +1 war axe
 b - a cursed -2 hand axe (weapon)
Armour
 c - a +0 kite shield (worn)
 s - a +1 chain mail (worn)
Wands
 o - a wand of flame (5) {@v3}
Scrolls
 f - a scroll of teleportation {@r2}
 p - 3 scrolls of magic mapping {@r5}
Potions
 d - a potion of curing {unknown}
 i - a potion of berserk rage
 k - a potion of might {@q3}
 l - 2 potions of flight
 n - 2 potions of magic {unknown}
 q - a potion of lignification {@q7}
 r - a potion of cancellation {unknown}
Comestibles
 e - 11 rations


   Skills:
 * Level 5.0 Fighting
 * Level 5.3 Axes
 + Level 4.7 Armour
 + Level 4.7 Shields


You had 6 spell levels left.
You didn't know any spells.
Your spell library was empty.

Dungeon Overview and Level Annotations

Branches:
Dungeon (5/15)
 Temple: D:4-7

Altars:

Shops:
D:4 ?   D:5 [


Innate Abilities, Weirdness & Mutations

You are resistant to damage.
You can heal yourself by infusing magical energy.
You passively map a small area around you.
You do not regenerate.


Message History

The crimson imp is lightly wounded.
The crimson imp hits you but does no damage.
You closely miss the crimson imp.
The crimson imp hits you but does no damage.
The crimson imp grins evilly.
The crimson imp hits you.
You closely miss the crimson imp. The crimson imp barely misses you.
You hit the crimson imp.
The crimson imp is lightly wounded.
The crimson imp blinks!
You closely miss the crimson imp.
The crimson imp hits you but does no damage.
You hit the crimson imp.
The crimson imp is moderately wounded.
You block the crimson imp's attack.
You closely miss the crimson imp.
The crimson imp is moderately wounded.
You block the crimson imp's attack.
Your shield and chain mail prevent you from hitting the crimson imp.
The crimson imp is moderately wounded.
The crimson imp closely misses you.
You closely miss the crimson imp.
The crimson imp is lightly wounded.
The crimson imp closely misses you. You block the crimson imp's attack.
You closely miss the crimson imp. You block the crimson imp's attack.
You closely miss the crimson imp. You block the crimson imp's attack.
You barely miss the crimson imp.
The crimson imp blinks!
You miss the crimson imp.
The crimson imp blinks!
The crimson imp hits you but does no damage.
Your chain mail prevents you from hitting the crimson imp.
The crimson imp barely misses you.
You hit the crimson imp.
The crimson imp is moderately wounded.
The crimson imp hits you.
You hit the crimson imp.
The crimson imp is moderately wounded.
The crimson imp barely misses you.
You hit the crimson imp.
The crimson imp is moderately wounded.
The crimson imp barely misses you.
You completely miss the crimson imp.
The crimson imp is moderately wounded.
The crimson imp hits you. The crimson imp barely misses you.
You miss the crimson imp.
The crimson imp is lightly wounded.
The crimson imp hits you but does no damage.
You barely miss the crimson imp. You block the crimson imp's attack.
You closely miss the crimson imp. You block the crimson imp's attack.
You miss the crimson imp.
The crimson imp hits you but does no damage.
You closely miss the crimson imp. You block the crimson imp's attack.
You miss the crimson imp. The crimson imp hits you.
You closely miss the crimson imp.
The crimson imp laughs crazily.
The crimson imp hits you but does no damage.
You closely miss the crimson imp. You block the crimson imp's attack.
Your chain mail prevents you from hitting the crimson imp.
The crimson imp hits you but does no damage.
You hit the crimson imp.
The crimson imp is moderately wounded.
The crimson imp hits you.
You miss the crimson imp.
The crimson imp is moderately wounded.
You block the crimson imp's attack. The crimson imp barely misses you.
You closely miss the crimson imp.
The crimson imp is lightly wounded.
You block the crimson imp's attack.
You barely miss the crimson imp.
The crimson imp is lightly wounded.
The crimson imp barely misses you.
Your shield and chain mail prevent you from hitting the crimson imp.
The crimson imp hits you but does no damage.
You hit the crimson imp.
The crimson imp is lightly wounded.
You block the crimson imp's attack.
You miss the crimson imp.
The crimson imp hits you but does no damage.
You hit the crimson imp but do no damage.
The crimson imp hits you but does no damage.
You closely miss the crimson imp.
The crimson imp hits you but does no damage.
You miss the crimson imp.
The crimson imp blinks!
The crimson imp hits you but does no damage.
You closely miss the crimson imp. The crimson imp hits you.
You barely miss the crimson imp.
The crimson imp hits you but does no damage.
Your shield and chain mail prevent you from hitting the crimson imp.
You block the crimson imp's attack.
You hit the crimson imp but do no damage.
The crimson imp blinks!
You block the crimson imp's attack.
You closely miss the crimson imp. The crimson imp hits you.
You hit the crimson imp.
The crimson imp is lightly wounded.
The crimson imp hits you but does no damage.
You closely miss the crimson imp. You block the crimson imp's attack.
You hit the crimson imp.
The crimson imp is moderately wounded.
You block the crimson imp's attack.
Are you sure you want to abandon this character and quit the game? (Confirm with "yes".)

#.# #. #5# #.
#.############### ######.
................# #......
#.####÷.#######.# #.#####
#.# #..# #.###########[####
#.#
#..#######...)............#
#.#
#...........##########.##.##
#.#
##>#######5@...........)...#
..# #.# #############§##..#
### #.# #.##..# #.# #.##..#
#.# #.##... #.# #.##.## #.#
#...... #.# #.##### #.# #.#
#


You could see a crimson imp.

Vanquished Creatures
  Sigmund (D:4)
  Duvessa (D:4)
  An ogre (D:4)
  Dowan (D:4)
  A gnoll shaman (D:5)
  An orc priest (D:4)
  A bullfrog skeleton (D:4)
  A centaur skeleton (D:4)
  A worker ant zombie (D:5)
  4 gnolls (D:5)
  An adder (D:3)
  An ooze (D:4)
  An adder zombie (D:5)
  2 adder skeletons
  A worm (D:5)
  2 leopard geckos
  7 orcs
  A ball python (D:5)
  A bat (D:2)
  3 goblins (D:1)
  2 hobgoblins
  3 jackals (D:4)
  A quokka (D:5)
  A frilled lizard (D:1)
  2 rats (D:1)
42 creatures vanquished.

Notes
Turn   | Place    | Note
-------+----------+-------------------------------------------
     0 | D:1      | EnegeticOcto the Deep Dwarf Fighter began the quest for the
                  | Orb.
     0 | D:1      | Reached XP level 1. HP: 20/20 MP: 1/1
   142 | D:1      | Reached XP level 2. HP: 27/27 MP: 2/2
   263 | D:3      | Reached XP level 3. HP: 29/34 MP: 3/3
   275 | D:4      | Noticed an ogre
   285 | D:4      | Killed an ogre
   285 | D:4      | Reached XP level 4. HP: 25/43 MP: 4/4
   372 | D:4      | Reached XP level 5. HP: 50/50 MP: 4/4
   411 | D:4      | Noticed Dowan
   412 | D:4      | Noticed Duvessa
   451 | D:4      | Killed Duvessa
   451 | D:4      | Reached XP level 6. HP: 44/57 MP: 2/2
   468 | D:4      | Killed Dowan
   662 | D:4      | Noticed Sigmund
   680 | D:4      | HP: 2/58 [something/puff of flame (10)]
   691 | D:4      | Killed Sigmund
   691 | D:4      | Reached skill level 5 in Axes
   691 | D:4      | Reached XP level 7. HP: 4/66 MP: 3/3
   853 | D:4      | Found Pettieta's Magic Scroll Emporium.
   877 | D:4      | Bought a scroll of teleportation for 39 gold pieces
   877 | D:4      | Bought a scroll of magic mapping for 45 gold pieces
   962 | D:5      | Entered Level 5 of the Dungeon
  1049 | D:5      | Found Kume's Antique Armour Emporium.
  1543 | D:5      | Reached skill level 5 in Fighting
  1802 | D:5      | Quit the game

Levels and vault maps discovered:
D:1:      minmay_arrival_four_houses, layout_rooms
D:2:      layout_rooms, kennysheep_slug_shrine, serial_glass, glass_columns_b,
          glass_columns_c, hangedman_abyss_or_decor_stabs, chequers_jeans,
          elyvilon_altar_5
D:3:      layout_basic, kennysheep_decorative_pillar
D:4:      layout_basic, serial_shops, nicolae_shop_statue_plus, uniq_duvessa,
          uniq_sigmund
D:5:      layout_loops_ring, serial_shops, kennysheep_little_box,
          nicolae_shop_competitors_out_of_business, first_ration

Skill      XL: |  1  2  3  4  5  6  7 |
---------------+----------------------+-----
Fighting       | 3 4 5 |  5.0
Axes           | 3 4 5 |  5.3
Armour         | 4 |  4.7
Shields        | 4 |  4.7

Action                   |  1- 3 |  4- 6 |  7- 9 || total
-------------------------+-------+-------+-------++-------
Melee: War axe           |    39 |    79 |    35 ||   153
       Hand axe          |       |       |   245 ||   245
 Abil: Heal Wounds       |       |    10 |     2 ||    12
  Use: Potion            |       |     1 |       ||     1
       Scroll            |       |       |     5 ||     5
  Eat: Chunk             |       |       |     3 ||     3
Armor: Scale mail        |    15 |    36 |       ||    51
       Chain mail        |       |       |   122 ||   122
Dodge: Dodged            |     4 |    27 |    42 ||    73
Block: Kite shield       |    19 |    48 |   109 ||   176

Table legend:
 A = Non-vault XP
 B = Vault XP
 C = Vault XP percentage of total XP
 D = Non-vault monster count
 E = Vault monster count
 F = Vault count percentage of total count
                 A         B        C        D         E       F
            +---------+---------+-------+---------+---------+-------
      Total |     438 |     458 |  51.1 |      39 |       3 |   7.1
            +---------+---------+-------+---------+---------+-------
        D:1 |      14 |       0 |   0.0 |       8 |       0 |   0.0
        D:2 |       4 |       0 |   0.0 |       2 |       0 |   0.0
        D:3 |      28 |       0 |   0.0 |       6 |       0 |   0.0
        D:4 |     258 |     458 |  64.0 |      12 |       3 |  20.0
        D:5 |     134 |       0 |   0.0 |      11 |       0 |   0.0
            +---------+---------+-------+---------+---------+-------
